 Dungeon Crawl Stone Soup version 0.29.1-2-gbd0b4ee654 (webtiles) character file.

Game seed: 5642965803364669112

28 leafyfresh the Gusty (level 3, -2/19 HPs)
             Began as a Tengu Air Elementalist on Nov 8, 2022.
             Was an Initiate of Vehumet.
             Slain by an orc
             ... wielding a +0 mace
              (6 damage)
             ... on level 3 of the Dungeon.
             The game lasted 00:02:56 (1390 turns).

leafyfresh the Gusty (Tengu Air Elementalist)       Turns: 1390, Time: 00:02:58

Health: -2/19      AC:  2    Str:  8    XL:     3   Next: 12%
Magic:  0/7        EV: 12    Int: 17    God:    Vehumet [......]
Gold:   56         SH:  0    Dex: 14    Spells: 5/6 levels left

rFire   . . .      SeeInvis .   (no weapon)
rCold   . . .      Faith    .   (no shield)
rNeg    . . .      Spirit   .   a - +0 robe
rPois   .          Reflect  .   (helmet restricted)
rElec   .          Harm     .   (no cloak)
rCorr   .          Rampage  .   (no gloves)
Will    .....                   (boots unavailable)
Stlth   ++........              c - amulet of the acrobat
HPRegen 0.06/turn               (no ring)
MPRegen 0.10/turn               (no ring)

@: no status effects
A: beak, talons 3
a: Renounce Religion


You were on level 3 of the Dungeon.
You worshipped Vehumet.
Vehumet was noncommittal.
You visited 1 branch of the dungeon, and saw 3 of its levels.

You collected 56 gold pieces.

Inventory:

Armour
 a - a +0 robe (worn)
Jewellery
 c - an amulet of the acrobat (around neck)
Scrolls
 e - a scroll of vulnerability {unknown}
 i - a scroll of identify {unknown}
 j - a scroll of enchant weapon {unknown}
 k - a scroll of amnesia {unknown}
Potions
 b - a potion of magic
 d - 2 potions of might {unknown}
 f - a potion of flight {unknown}
 g - a potion of heal wounds {unknown}
 h - a potion of lignification {unknown}


   Skills:
 - Level 2.1 Dodging
 - Level 2.0 Stealth
 - Level 2.0 Spellcasting
 + Level 2.8 Conjurations
 + Level 4.9 Air Magic


You had 5 spell levels left.
You knew the following spells:

 Your Spells              Type           Power      Damage    Failure   Level
a - Shock                 Conj/Air       60%        1d6       4%          1

Your spell library contained the following spells:

 Spells                   Type           Power      Damage    Failure   Level
 Static Discharge         Conj/Air       15%        3-5/arc   6%          2
 Swiftness                Air            18%        N/A       8%          3
 Slow                     Hex            4%         N/A       19%         1
 Airstrike                Air            9%         2d(2-18)  26%         4
 Blink                    Tloc           2%         N/A       28%         2
 Manifold Assault         Tloc           1%         N/A       99%         5
 Storm Form               Tmut/Air       5%         N/A       100%        7


Dungeon Overview and Level Annotations

Branches:
Dungeon (2/15)

Altars:
Nemelex Xobeh
Vehumet


Innate Abilities, Weirdness & Mutations

You have a beak for a mouth.
You have claws for feet.


Message History

Press: ? - help, Shift-Dir - straight line, f/p - orc
Aim: an orc, wielding a +0 flail and wearing a +0 leather armour (moderately wounded, 71% to hit)
The zap hits the orc.
The orc is heavily wounded.
Casting: Shock (safe; 4% risk of failure)
Confirm with . or Enter, or press ? or * to list all spells.
Aiming: Shock (safe; 4% risk of failure)
Press: ? - help, Shift-Dir - straight line, f/p - orc
Aim: an orc, wielding a +0 flail and wearing a +0 leather armour (heavily wounded, 71% to hit)
The zap hits the orc.
You kill the orc!
Vehumet accepts your kill.
Things that are here:
a +0 flail; a +0 leather armour; an orc corpse An orc is nearby!
An orc is nearby!
Casting: Shock (safe; 4% risk of failure)
Confirm with . or Enter, or press ? or * to list all spells.
Aiming: Shock (safe; 4% risk of failure)
Press: ? - help, Shift-Dir - straight line, f - orc
Aim: an orc, wielding a +0 mace and wearing a +0 leather armour (wandering, hasn't noticed you, 71% to hit)
The zap hits the orc.
The orc is severely wounded.
You completely miss the orc. Your peck misses the orc.
The orc is severely wounded.
The orc hits you with a +0 mace!
* * * LOW HITPOINT WARNING * * *
You are too injured to fight recklessly!
Things that are here:
a +0 flail; a +0 leather armour; an orc corpse The orc attacks as you move away!
The orc completely misses you.
Casting: Shock (safe; 4% risk of failure)
Confirm with . or Enter, or press ? or * to list all spells.
Aiming: Shock (safe; 4% risk of failure)
Press: ? - help, Shift-Dir - straight line, f/p - orc
Aim: an orc, wielding a +0 mace and wearing a +0 leather armour (heavily wounded, 71% to hit)
The zap hits the orc but does no damage.
The orc is heavily wounded.
The orc hits you with a +0 mace.
You die...

#
##.......##
##.##.## #
##.....##
####.#
##...## #.#
# ##+## #.#
## #### #.#
_# ..# #.#
## #.# #)#
.#
#####)####.#
##
#....@o....#
#
#.###.######
# #.# # #.#
## ..# .#
### ## #


You could see an orc.

Vanquished Creatures
  A dart slug (D:1)
  2 orcs (D:3)
  A bat (D:1)
  4 endoplasms (D:1)
  2 goblins (D:2)
  3 kobolds
  3 quokkas
  4 frilled lizards
  A rat (D:1)
21 creatures vanquished.

Vanquished Creatures (others)
  2 fungi (D:1)
2 creatures vanquished.

Grand Total: 23 creatures vanquished

Notes
Turn   | Place    | Note
-------+----------+-------------------------------------------
     0 | D:1      | leafyfresh the Tengu Air Elementalist began the quest for
                  | the Orb.
     0 | D:1      | Reached XP level 1. HP: 10/10 MP: 4/4
    60 | D:1      | Found a faded altar of an unknown god.
    93 | D:1      | Got Plato's Commentary on Glamour
   436 | D:1      | Reached XP level 2. HP: 15/15 MP: 1/6
  1219 | D:2      | Reached XP level 3. HP: 19/19 MP: 2/7
  1264 | D:2      | You fall into a shaft and drop 1 floor!
  1269 | D:3      | Found a radiant altar of Vehumet.
  1285 | D:3      | Found a sparkling altar of Nemelex Xobeh.
  1289 | D:3      | Became a worshipper of Vehumet
  1390 | D:3      | Slain by an orc

Illustrated notes

Levels and vault maps discovered:
D:1:      minmay_arrival_solitary_statue, layout_loops_corners,
          shapermc_ecumenical_altar_rom_forum
D:2:      layout_basic, amcnicky_mini_rare_corridor_liquid,
          kennysheep_generic_room_6, uniq_jessica
D:3:      layout_loops_corners, minitemple, ebering_ghost_rock_garden,
          minmay_box_of_dots

Skill      XL: |  1 |
---------------+----+-----
Conjurations   | 2 |  2.8
Dodging        | |  2.1
Stealth        | |  2.0
Spellcasting   | |  2.0
Air Magic      | |  4.9

Action                   || total
-------------------------++-------
Melee: Unarmed           ||    13
       Kick              ||     3
       Peck              ||     3
 Cast: Shock             ||    35
Armor: Robe              ||     3
Dodge: Dodged            ||    31
